Map: Lerilak Crest

Players

Elazer - Winner!

  • Race: Zerg Zerg
  • League: Grandmaster

Zanster

  • Race: Zerg Zerg

Event: 2016 WCS Winter Challenger Europe

VOD

Have the link to the VOD?

Description

Time

  • Played on: Feb. 13, 2016, 11:54 a.m.
  • Length: 8:41

All games in this series

Show
View Real Time Build Order
Export as new Build Order

Elazer Zerg - Winner!

Build Orders: Pool First 

Get SALT Encoding   

  12  0:00  Drone  
  13  0:12  Overlord  
  13  0:16  Drone  
  14  0:30  Drone x2  
  14  0:34  Drone  
  17  0:35  Extractor  
  16  0:46  Spawning Pool  
  15  0:50  Drone  
  15  0:55  Drone  
  17  1:06  Drone  
  18  1:21  Hatchery  
  17  1:32  Queen  
  17  1:38  Metabolic Boost  
  19  1:42  Zergling x2  
  20  1:51  Zergling x2  
  21  1:57  Overlord  
  21  2:04  Drone  
  22  2:10  Baneling Nest  
  21  2:16  Queen  
  21  2:20  Drone  
  24  2:24  Drone  
  24  2:26  Drone  
  27  2:30  Roach Warren  
  26  2:37  Zergling x4  
  26  2:42  Drone  
  29  2:45  Drone  
  29  2:49  Overlord  
  30  3:02  Drone x2  
  32  3:12  Roach x3  
  38  3:15  Roach  
  38  3:18  Roach  
  42  3:22  Roach  
  44  3:29  Overlord  
  44  3:39  Overlord  
  43  3:48  Roach x4  
  51  4:00  Drone x4  
  51  4:01  Drone  
  54  4:03  Drone  
  54  4:05  Drone  
  54  4:07  Drone  
  54  4:09  Drone  
  58  4:17  Overlord  
  58  4:20  Extractor  
  57  4:24  Overlord  
  57  4:31  Overlord  
  57  4:38  Drone x3  
  59  4:40  Roach x3  
  59  4:43  Overlord  
  65  4:46  Zergling x2  
  65  4:51  Overlord  
  66  4:54  Roach x2  
  66  4:59  Overlord  
  70  5:00  Ravager  
  70  5:01  Ravager  
  70  5:06  Zergling x8  
  76  5:13  Overlord, Extractor  
  75  5:15  Zergling x2  
  75  5:17  Ravager  
  77  5:26  Zergling x10  
  82  5:32  Ravager  
  83  5:38  Zergling x2  
  83  5:39  Zergling x8  
  88  5:43  Ravager  
  89  5:50  Zergling x4  
  89  5:51  Ravager  
  89  5:55  Zergling x2  
  89  5:56  Zergling x6  
  96  6:02  Zergling x2  
  97  6:07  Ravager  
  97  6:09  Overlord  
  97  6:10  Zergling x8  
  102  6:11  Ravager  
  93  6:20  Zergling x2  
  93  6:23  Drone  
  82  6:34  Zergling x8  
  70  6:40  Ravager x2  
  70  6:41  Zergling x2  
  71  6:47  Zergling x4  
  73  6:58  Hatchery  
  73  7:00  Roach  
  73  7:01  Roach x3  
  80  7:08  Roach  
  82  7:16  Roach x4  
  87  7:26  Roach x2  
  94  7:30  Roach x2  
  94  7:33  Roach  
  98  7:37  Roach  
  98  7:41  Zergling x4  
  98  7:42  Zergling x4  
  102  7:49  Zergling x2  
  104  7:51  Ravager  
  104  7:52  Ravager x2  
  104  7:57  Ravager  
  104  7:58  Queen  
  107  8:00  Zergling x4  
  99  8:18  Zergling x10  
Show
View Real Time Build Order
Export as new Build Order

Zanster Zerg 

Build Orders: Pool First 

Get SALT Encoding   

  12  0:00  Drone  
  13  0:12  Overlord  
  13  0:16  Drone  
  14  0:31  Drone x2  
  14  0:35  Drone  
  17  0:45  Spawning Pool  
  17  0:48  Drone  
  18  0:57  Drone  
  18  1:07  Drone  
  19  1:17  Hatchery, Drone  
  19  1:21  Extractor  
  18  1:31  Queen  
  18  1:32  Zergling x2  
  21  1:42  Roach Warren  
  20  1:48  Drone  
  20  1:51  Overlord  
  21  2:01  Drone  
  22  2:14  Queen  
  24  2:19  Drone  
  24  2:21  Drone  
  26  2:31  Drone  
  26  2:34  Overlord  
  27  2:39  Roach x3  
  33  2:45  Roach  
  34  2:54  Roach x2  
  34  2:57  Roach  
  40  3:02  Overlord  
  40  3:14  Drone x4  
  44  3:26  Drone, Roach x2  
  49  3:28  Drone  
  49  3:33  Overlord  
  50  3:35  Drone  
  50  3:39  Drone  
  52  3:47  Metabolic Boost  
  52  3:51  Drone  
  52  3:52  Drone x3  
  55  3:59  Drone  
  55  4:00  Drone x2  
  55  4:02  Drone  
  58  4:04  Drone  
  58  4:08  Drone  
  60  4:10  Overlord  
  60  4:15  Overlord  
  60  4:21  Extractor x2  
  60  4:22  Overlord  
  58  4:28  Overlord  
  58  4:40  Extractor, Roach  
  58  4:41  Roach x4  
  58  4:42  Overlord  
  58  4:44  Roach  
  70  4:52  Roach  
  72  4:54  Overlord  
  72  4:59  Roach x2  
  76  5:04  Roach  
  76  5:05  Overlord  
  78  5:09  Overlord  
  78  5:12  Roach  
  78  5:13  Roach  
  82  5:15  Overlord  
  82  5:22  Overlord  
  82  5:27  Zergling x2  
  82  5:28  Zergling x6  
  86  5:30  Zergling x2  
  86  5:31  Zergling x2  
  86  5:33  Ravager x2  
  90  5:36  Zergling x4  
  90  5:38  Zergling x2  
  93  5:43  Ravager  
  93  5:44  Zergling x2  
  93  5:45  Zergling x2  
  93  5:48  Zergling x2  
  97  5:50  Ravager  
  97  5:53  Zergling x2  
  99  5:58  Overlord  
  99  6:00  Overlord  
  99  6:02  Zergling x4  
  99  6:03  Ravager  
  102  6:09  Zergling x4  
  96  6:22  Zergling x8  
  89  6:26  Lair  
  89  6:30  Zergling x8  
  81  6:37  Roach  
  66  6:41  Roach  
  66  6:45  Roach  
  66  6:54  Roach  
  68  6:56  Roach  
  70  7:01  Hatchery  
  70  7:07  Evolution Chamber  
  68  7:08  Extractor  
  68  7:10  Roach x4  
  68  7:15  Roach  
  77  7:19  Roach  
  77  7:20  Roach  
  80  7:24  Roach  
  80  7:29  Roach  
  82  7:34  Roach x3  
  84  7:39  Drone  
  84  7:40  Drone x2  
  84  7:42  Ravager  
  84  7:43  Ravager  
  89  7:45  Drone  
  89  7:48  Roach  
  92  7:57  Overlord  
  84  8:12  Roach  
  84  8:13  Roach x5  
Tags
 
Add a new tag
Caveats
  • Supply blocks, unpowered buildings, or Contaminate may cause inaccurate times.
  • Supply counts are checked every 10 seconds.